 Dungeon Crawl Stone Soup version 0.28.0-53-g5a82cb258f (webtiles) character file.

Game seed: 4643853196347635103

3605 JJisdabomb the Slasher (level 9, -1/72 HPs)
             Began as a Demonspawn Fighter on July 19, 2022.
             Was an Initiate of Ashenzari.
             Slain by a two-headed ogre
             ... wielding a +0 giant club
              (11 damage)
             ... on level 9 of the Dungeon on July 20, 2022.
             The game lasted 00:18:12 (6683 turns).

JJisdabomb the Slasher (Demonspawn Fighter)         Turns: 6683, Time: 00:18:13

Health: -1/72      AC: 13    Str: 21    XL:     9   Next: 86%
Magic:  9/9        EV:  7    Int: 10    God:    Ashenzari [......]
Gold:   499        SH: 10    Dex: 18    Spells: 8/8 levels left

rFire   . . .      SeeInvis .   a - +0 long sword
rCold   . . .      Faith    .   d - +0 buckler
rNeg    . . .      Spirit   .   c - +0 chain mail
rPois   .          Reflect  .   o - +1 hat of Ashenzari's Portent {Range, Self} (curse)
rElec   .          Harm     .   (no cloak)
rCorr   .          Rampage  .   y - +1 pair of gloves
Will    .....                   (no boots)
Stlth   ..........              w - amulet of regeneration
HPRegen 1.02/turn               r - +6 ring of dexterity
MPRegen 0.11/turn               (no ring)

@: no status effects
A: hooves 1, horns 1, powered by death 1, condensation shield, weakness stinger
2
a: Renounce Religion, Curse Item, Shatter the Chains


You were on level 9 of the Dungeon.
You worshipped Ashenzari.
Ashenzari was noncommittal.
You visited 2 branches of the dungeon, and saw 10 of its levels.

You collected 499 gold pieces.

Inventory:

Hand Weapons
 a - a +0 long sword (weapon)
Missiles
 q - 7 poisoned darts (quivered)
Armour
 c - a +0 chain mail (worn)
 d - a +0 buckler (worn)
 o - the cursed +1 hat of Ashenzari's Portent (worn) {Range, Self}
   (You found it on level 4 of the Dungeon)

   It has a curse which improves the following skills: Ranged Combat: Slings,
   Bows, Crossbows and Throwing.
   Introspection: Fighting and Spellcasting.
 y - a +1 pair of gloves (worn)
Jewellery
 r - a +6 ring of dexterity (left hand)
 w - an amulet of regeneration (around neck)
Wands
 l - a wand of paralysis (4)
 n - a wand of acid (12)
 x - a wand of flame (19)
Scrolls
 f - a scroll of brand weapon
 g - 2 scrolls of fear
 h - 4 scrolls of magic mapping
 j - 2 scrolls of fog
 m - 3 scrolls of enchant armour
 p - a scroll of immolation
 s - a scroll of enchant weapon
 t - 7 scrolls of teleportation
 A - 2 scrolls of summoning
 B - 2 scrolls of blinking
Potions
 b - 2 potions of heal wounds
 e - a potion of might
 i - 7 potions of curing
 k - 2 potions of berserk rage
 u - a potion of brilliance {unknown}
 v - a potion of resistance {unknown}
 z - a potion of magic {unknown}
 C - 2 potions of attraction
 D - 3 potions of mutation


   Skills:
 + Level 6.5(7.0) Fighting
 * Level 7.8 Long Blades
 + Level 5.9 Armour
 + Level 5.8 Shields
 + Level 5.4 Evocations


You had 8 spell levels left.
You didn't know any spells.
Your spell library contained the following spells:

 Spells                   Type           Power      Damage    Failure   Level
 Animate Skeleton         Necr           0%         N/A       99%         1
 Apportation              Tloc           0%         N/A       99%         1
 Pain                     Necr           0%         1d4       99%         1
 Conjure Flame            Conj/Fire      0%         6-21      100%        3
 Ignite Poison            Fire/Tmut/Pois 0%         N/A       100%        3
 Vampiric Draining        Necr           0%         2d6       100%        3
 Sticky Flame             Conj/Fire      0%         2d3       100%        4
 Alistair's Intoxication  Tmut/Pois      0%         N/A       100%        5


Dungeon Overview and Level Annotations

Branches:
Dungeon (9/15)             Temple (1/1) D:4            Lair (0/6) D:8
    Orc: D:9-12

Altars:
Ashenzari
Dithmenos
Okawaru
Sif Muna
Wu Jian
Xom
Yredelemnul
The Shining One

Annotations:
D:9 Maurice


Innate Abilities, Weirdness & Mutations

You have large cloven feet.
You have a pair of small horns on your head.
You regenerate a little health from kills.
A meltable shield of frost defends you. (SH +4)
You have a tail ending in a sharp stinger.


Message History

The orc warrior is engulfed in calcifying dust.
The orc warrior is moving more slowly.
You block the orc warrior's attack.
You have turned to stone.
You are engulfed in calcifying dust.
The two-headed ogre hits you with a +0 giant club!
The two-headed ogre hits you but does no damage.
The orc hits you but does no damage.
The orc warrior is engulfed in calcifying dust.
The orc warrior stops moving altogether!
The troll is engulfed in calcifying dust.
The troll stops moving altogether!
The catoblepas gores you but does no damage.
You are engulfed in calcifying dust.
The orc hits you but does no damage.
The two-headed ogre hits you with a +0 giant club!!
The two-headed ogre hits you with a +0 dire flail.
The troll is engulfed in calcifying dust.
The catoblepas breathes a plume of calcifying dust at you.
The blast of calcifying dust hits you but does no damage.
You hear a shout!
You hear a shout!
An orc comes into view. It is wielding a +0 mace.
The orc hits you but does no damage.
The two-headed ogre hits you with a +0 giant club!!
The two-headed ogre hits you with a +0 dire flail!
The troll is engulfed in calcifying dust.
The catoblepas gores you!
Your surroundings suddenly seem different.
The orc throws a stone.
The stone hits you but does no damage.
The orc throws a stone.
The stone completely misses you.
You turn to flesh and can move again.
Unknown command.
Unknown command.
Aiming: Paralyse
Press: ? - help, Shift-Dir - straight line, f - two-headed ogre
Aim: a two-headed ogre, wielding a +0 giant club and a +0 dire flail (chance to affect: 45%)
The two-headed ogre resists with some effort.
The two-headed ogre hits you with a +0 giant club!!
* * * LOW HITPOINT WARNING * * *
The two-headed ogre hits you with a +0 dire flail!
You die...

#.# #.# ####.####
#.......# #...o...# #
########.......####.#
.............o..§oo.#
.##.####O##.##...########
##.####@###...OYoo......
#.......# #....oT<...##. #
#..####.# #.......##.##.
#.#..# #.#####........(..
#.#..####.........#.##§##.
#..........########.##O##.
###..####### #...§o..
##..### ####T#.. #.....#
#######Yoo..


You could see a two-headed ogre and an orc.

Vanquished Creatures
  A komodo dragon (D:8)
  5 yaks
  A water moccasin (D:9)
  2 black bears (D:7)
  A sky beast (D:8)
  An ice beast (D:8)
  3 necrophages
  An ogre (D:6)
  3 centaurs
  4 bullfrogs
  6 scorpions
  2 water moccasin skeletons
  4 wights (D:8)
  3 howler monkeys (D:8)
  3 hounds
  3 jellies (D:7)
  2 centaur zombies (D:7)
  2 orc priests (D:5)
  3 iguanas
  An orc wizard (D:5)
  A killer bee zombie (D:8)
  7 gnolls
  5 adders
  2 shadow imps
  2 worms
  3 dart slugs
  13 orcs
  5 ball pythons
  8 endoplasms
  2 giant cockroaches (D:4)
  5 goblins (D:1)
  5 hobgoblins
  2 jackals (D:1)
  4 kobolds
  5 quokkas
  5 bats
  4 frilled lizards
  3 rats
132 creatures vanquished.

Vanquished Creatures (others)
  3 plants (D:8)
3 creatures vanquished.

Grand Total: 135 creatures vanquished

Notes
Turn   | Place    | Note
-------+----------+-------------------------------------------
     0 | D:1      | JJisdabomb the Demonspawn Fighter began the quest for the
                  | Orb.
     0 | D:1      | Reached XP level 1. HP: 18/18 MP: 1/1
   110 | D:1      | Reached skill level 2 in Long Blades
   151 | D:1      | Discovered your monstrous ancestry.
   151 | D:1      | Gained mutation: You have a pair of small horns on your
                  | head. [demonic ancestry]
   151 | D:1      | Reached XP level 2. HP: 4/24 MP: 2/2
   368 | D:1      | Found a faded altar of an unknown god.
   372 | D:1      | Gained mutation: You have a small tail. [demonic ancestry]
   372 | D:1      | Reached XP level 3. HP: 26/29 MP: 3/3
   875 | D:2      | Reached skill level 1 in Evocations
  1208 | D:2      | Found a basalt altar of Yredelemnul.
  1488 | D:3      | Found a broken altar of Ashenzari.
  1494 | D:3      | Became a worshipper of Ashenzari the Shackled
  1944 | D:3      | Gained mutation: You regenerate a little health from kills.
                  | [demonic ancestry]
  1944 | D:3      | Reached XP level 4. HP: 31/35 MP: 4/4
  2137 | D:4      | Reached skill level 3 in Long Blades
  2244 | D:4      | Noticed a necrophage
  2255 | D:4      | Killed a necrophage
  2256 | D:4      | Reached XP level 5. HP: 41/42 MP: 5/5
  2346 | D:4      | Found a staircase to the Ecumenical Temple.
  2356 | Temple   | Entered the Ecumenical Temple
  2364 | D:4      | Identified the +10 spear of Spite {vorpal, rCorr Stlth+}
  2841 | D:5      | Entered Level 5 of the Dungeon
  2843 | D:5      | Found an iron altar of Okawaru.
  2852 | D:5      | Gained mutation: You have large cloven feet. [demonic
                  | ancestry]
  2852 | D:5      | Reached XP level 6. HP: 44/48 MP: 6/6
  3127 | D:5      | Reached skill level 4 in Long Blades
  3166 | D:5      | Found an ornate altar of the Wu Jian Council.
  3208 | D:5      | Found a shimmering blue altar of Sif Muna.
  3273 | D:5      | Gained mutation: You have a tail ending in a sharp stinger.
                  | [demonic ancestry]
  3273 | D:5      | Reached XP level 7. HP: 37/54 MP: 7/7
  4012 | D:6      | Found a shadowy altar of Dithmenos.
  4026 | D:6      | Reached skill level 5 in Long Blades
  4123 | D:6      | Identified the +0 robe of Calculation {+Inv}
  4741 | D:7      | Gained mutation: A meltable shield of frost defends you.
                  | (SH +4) [demonic ancestry]
  4741 | D:7      | Reached XP level 8. HP: 53/61 MP: 8/8
  5083 | D:7      | Reached skill level 5 in Fighting
  5168 | D:7      | Found a shimmering altar of Xom.
  5430 | D:7      | Reached skill level 6 in Long Blades
  5589 | D:8      | Reached skill level 5 in Armour
  5589 | D:8      | Reached skill level 5 in Shields
  5643 | D:8      | Reached XP level 9. HP: 57/66 MP: 9/9
  5760 | D:7      | Reached skill level 7 in Long Blades
  5834 | D:8      | Reached skill level 5 in Evocations
  5905 | D:8      | Found a staircase to the Lair.
  5906 | D:8      | Noticed a komodo dragon
  6127 | D:8      | Killed a komodo dragon
  6424 | D:9      | Noticed a two-headed ogre
  6425 | D:9      | Noticed a catoblepas
  6428 | D:9      | Noticed Maurice
  6485 | D:9      | Noticed a troll
  6683 | D:9      | Slain by a two-headed ogre

Illustrated notes

Levels and vault maps discovered:
D:1:      lemuel_arrival_hallway, layout_rooms,
          hellmonk_ecumenical_altar_slurped_away
D:2:      layout_basic, basic_altar
D:3:      layout_rooms, ashenzari_altar_1, minmay_misc_feat_iff,
          hangedman_decor_slide_cut
D:4:      layout_loops_ring, minmay_temple_entry_drinking_statues
D:5:      layout_basic, okawaru_metal_pillars_1_2, mainiacjoe_overflow_catwalk,
          kennysheep_mini
D:6:      layout_rooms, general_overflow_altar, lemuel_flame_loot_1
D:7:      layout_basic, mainiacjoe_overflow_alcove_1
D:8:      layout_cave_pools, david_lair_shrubbed
D:9:      layout_loops_ring, old_standard_altar,
          mainiacjoe_overflow_large_starburst, hiddenorc2_lemuel, uniq_maurice
Temple:   dshaligram_water_room_temple

Skill      XL: |  1  2  3  4  5  6  7  8  9 |
---------------+----------------------------+-----
Long Blades    | 2 3 4 5 6 7 |  7.8
Armour         | 3 4 5 |  5.9
Shields        | 3 4 5 |  5.8
Evocations     | 1 2 3 4 5 |  5.4
Fighting       | 4 5 6 |  6.5

Action                   |  1- 3 |  4- 6 |  7- 9 || total
-------------------------+-------+-------+-------++-------
Melee: Long sword        |   101 |    95 |   266 ||   462
       Headbutt          |    12 |    17 |    63 ||    92
       Tailslap          |     3 |    12 |    41 ||    56
       Kick              |       |    10 |   103 ||   113
Throw: Dart              |       |       |     5 ||     5
Invok: Curse Item        |       |       |     1 ||     1
Evoke: Wand              |       |     1 |     4 ||     5
  Use: Potion            |     2 |       |       ||     2
       Scroll            |     1 |     8 |     9 ||    18
 Stab: Petrified         |       |       |     5 ||     5
Armor: Scale mail        |    49 |       |       ||    49
       Chain mail        |     9 |    52 |   156 ||   217
Dodge: Dodged            |    35 |    30 |    88 ||   153
Block: Buckler           |    20 |    21 |   153 ||   194
